Map: Abyssal Reef LE

Players

Vlign

  • Race: Terran Terran
  • League: Diamond
  • Spawn Location: 11:00

A.I. 1 (Elite) - Winner!

  • Race: Zerg Zerg
  • Spawn Location: 5:00

VOD

Have the link to the VOD?

Description

Time

  • Played on: July 18, 2018, 1:25 a.m.
  • Length: 7:32
Show
View Real Time Build Order
Export as new Build Order

Vlign Terran 

Build Orders:  

Get SALT Encoding   

  12  0:01  SCV  
  13  0:13  SCV  
  14  0:29  Supply Depot  
  14  0:30  SCV  
  14  0:34  Refinery  
  15  0:51  SCV  
  16  0:58  Barracks  
  16  1:03  SCV  
  17  1:15  SCV  
  18  1:18  Refinery  
  18  1:27  SCV  
  20  1:46  Orbital Command  
  19  1:47  Reaper  
  19  1:53  Factory  
  20  2:04  Supply Depot  
  20  2:12  SCV  
  21  2:23  Barracks Reactor  
  21  2:24  SCV  
  22  2:33  Command Center  
  22  2:36  Hellion, SCV  
  25  2:41  Supply Depot  
  25  2:58  Hellion  
  27  3:00  Marine x2  
  29  3:07  Starport  
  29  3:08  SCV  
  30  3:13  Supply Depot  
  30  3:20  SCV  
  31  3:31  Cyclone, Marine x2  
  31  3:32  SCV  
  37  3:44  Barracks  
  37  3:46  Viking  
  39  3:54  Orbital Command  
  39  3:56  Marine  
  39  3:58  SCV  
  41  4:06  Cyclone  
  41  4:08  Marine  
  45  4:14  Marine  
  45  4:16  SCV  
  47  4:24  SCV  
  47  4:28  SCV  
  47  4:30  Medivac  
  51  4:33  Barracks Tech Lab  
  51  4:36  Marine x2  
  53  4:44  SCV  
  53  4:45  SCV  
  55  4:53  Supply Depot  
  55  4:54  Stimpack, Marine  
  56  5:00  Medivac, Marine x2  
  56  5:01  Widow Mine  
  62  5:12  Supply Depot  
  62  5:14  Marine  
  62  5:15  Supply Depot, SCV x2  
  65  5:22  Marine  
  65  5:23  Marine  
  65  5:27  SCV  
  68  5:29  Barracks  
  68  5:30  Starport Reactor  
  68  5:31  Engineering Bay  
  68  5:35  Engineering Bay  
  68  5:36  Factory Tech Lab  
  68  5:39  SCV  
  68  5:40  Marine x2  
  51  6:43  SCV, Marine x2  
  51  6:44  Siege Tank  
  57  6:49  Marine  
  58  6:54  Command Center  
  58  6:57  Command Center  
  58  7:01  Marine x2  
  59  7:02  Marine x2  
  59  7:07  SCV, Marauder  
  59  7:08  SCV, Refinery  
  66  7:09  Refinery  
  66  7:10  Supply Depot  
Show
View Real Time Build Order
Export as new Build Order

A.I. 1 (Elite) Zerg - Winner!

Build Orders: Pool First 

Get SALT Encoding   

  12  0:00  Drone  
  13  0:12  Overlord  
  13  0:16  Drone  
  14  0:31  Drone x2  
  16  0:42  Spawning Pool  
  15  0:45  Drone  
  15  0:48  Drone  
  17  1:13  Hatchery, Drone  
  17  1:16  Extractor  
  16  1:19  Drone  
  16  1:21  Extractor  
  16  1:25  Drone  
  17  1:29  Drone  
  17  1:38  Drone  
  19  1:49  Overlord  
  19  1:56  Queen  
  21  2:01  Zergling x2  
  22  2:11  Drone  
  23  2:25  Queen  
  25  2:30  Drone  
  26  2:38  Drone  
  26  2:41  Drone  
  28  2:45  Drone  
  29  3:00  Roach Warren  
  29  3:01  Drone  
  29  3:05  Drone  
  30  3:07  Zergling x2  
  30  3:12  Zergling x2  
  32  3:17  Overlord  
  32  3:20  Drone  
  32  3:23  Drone  
  34  3:40  Roach  
  36  3:42  Roach x2  
  36  3:43  Roach  
  36  3:47  Lair  
  42  3:52  Overlord  
  42  3:57  Overlord  
  42  4:00  Zergling x2  
  42  4:02  Zergling x2  
  44  4:10  Zergling x2, Drone x2  
  44  4:12  Drone  
  44  4:14  Drone  
  49  4:17  Drone  
  49  4:22  Overlord  
  50  4:27  Roach  
  50  4:30  Roach  
  54  4:33  Roach  
  54  4:36  Roach  
  58  4:40  Overlord  
  58  4:43  Drone  
  58  4:49  Hydralisk Den  
  58  4:50  Drone  
  58  4:51  Drone  
  59  4:53  Drone  
  59  4:57  Roach  
  62  5:01  Roach  
  64  5:07  Drone  
  64  5:08  Drone  
  64  5:12  Overlord  
  66  5:15  Drone  
  66  5:17  Drone  
  66  5:18  Hydralisk, Drone  
  71  5:22  Hydralisk  
  71  5:25  Hydralisk  
  75  5:30  Hydralisk  
  75  5:33  Overlord  
  77  5:35  Drone  
  77  5:37  Drone  
  77  5:39  Drone  
  77  5:40  Drone  
  77  5:42  Drone  
  82  5:44  Drone  
  82  5:49  Drone  
  84  5:51  Drone  
  84  5:55  Overlord, Hydralisk  
  84  5:56  Hydralisk  
  87  6:01  Drone  
  87  6:04  Drone  
  86  6:11  Drone x3  
  86  6:13  Drone x2  
  82  6:22  Drone  
  82  6:23  Drone  
  74  6:28  Queen  
  65  6:32  Drone  
  65  6:35  Drone  
  65  6:38  Drone  
  62  6:42  Drone  
  62  6:46  Drone  
  64  6:49  Drone  
  64  6:53  Drone  
  66  6:55  Drone  
  66  6:58  Drone  
  66  7:00  Drone  
  69  7:03  Drone  
  69  7:05  Drone  
  71  7:10  Drone  
  71  7:15  Overseer, Drone  
Tags
 
League
Diamond
Matchup
TvZ
Opening
Pool First
Replay Pack
replaypack2
Spawn Locations
Cross Positions
Add a new tag
Caveats
  • Supply blocks, unpowered buildings, or Contaminate may cause inaccurate times.
  • Supply counts are checked every 10 seconds.